[Event "*** Titled Tuesday 3|2 Blitz"]
[Site "Chess.com"]
[Date "2016.10.04"]
[Round "8"]
[White "FearNoEvil12"]
[Black "QuintilianoR"]
[Result "0-1"]
[WhiteElo "2049"]
[BlackElo "2401"]
[TimeControl "180+2"]
[EndTime "12:37:36 PDT"]
[Termination "QuintilianoR won by resignation"]

1. e4 c5 2. Nc3 d6 3. f4 g6 4. Bc4 Bg7 5. Nf3 Nc6 6. f5 gxf5 7. d3 fxe4 8. dxe4 e6 9. Bg5 Nge7 10. O-O a6 11. a4 Qc7 12. Qe1 Ng6 13. Rd1 Nd4 14.
Qg3 h6 15. Bf4 e5 16. Bc1 Be6 17. Nd5 Bxd5 18. Bxd5 Ne2+ 19. Kh1 Nxg3+ 20. hxg3 O-O-O 21. Nd2 Rd7 22. Nc4 h5 23. a5 Kb8 24. Rd3 h4 25. g4 h3 26. g3 Bh6 27. g5 Bg7 28.
Rb3 Qd8 29. Bxf7 Rf8 30. Rbf3 Rdxf7 31. Rxf7 Rxf7 32. Rxf7 d5 33. Nb6 dxe4 34. Nd7+ Ka7 35. Rxg7 Qxa5 36. Kh2 Qe1 37. Kxh3 Qh1+ 38. Kg4 Qf3+ 39.
Kh3 Nf4+ 40. Bxf4 exf4 41. Kh4 Qxg3+ 42. Kh5 Qh3+ 43. Kg6 Qe6+ 44. Kh7 f3 45. Nxc5 Qf5+ 46. g6 Qxc5 47. Rf7 Qh5+ 48. Kg7 e3 0-1

[Event "*** Titled Tuesday 3|2 Blitz"]
[Site "Chess.com"]
[Date "2016.10.04"]
[Round "8"]
[White "maciek_92"]
[Black "Gordima"]
[Result "1-0"]
[WhiteElo "2609"]
[BlackElo "2555"]
[TimeControl "180+2"]
[EndTime "12:37:37 PDT"]
[Termination "maciek_92 won by checkmate"]

1. c4 Nf6 2. g3 g6 3. Bg2 Bg7 4. Nc3 O-O 5. e4 c5 6. Nge2 Nc6 7. O-O d6 8. d3 Ne8 9. Be3 Nc7 10. d4 cxd4 11.
Nxd4 Bd7 12. Rc1 Ne6 13. Nxe6 Bxe6 14. b3 Qa5 15. Qd2 Qh5 16. f3 Qa5 17. f4 Rfc8 18.
f5 gxf5 19. Bh6 fxe4 20. Bxe4 Qe5 21. Kh1 Bxh6 22. Qxh6 Qg7 23. Qh5 Re8 24. Rf4 Ne5 25. Rcf1 Rab8 26. Bd5 Ng6 27. Rxf7 Bxf7 28. Rxf7 Qxf7 29.
Bxf7+ Kxf7 30. Qxh7+ Kf6 31. Nd5+ Kg5 32. h4+ Kf5 33.
Qf7+ Ke5 34. Qxg6 e6 35. Qg5+ Kd4 36. Qe3# 1-0

[Event "*** Titled Tuesday 3|2 Blitz"]
[Site "Chess.com"]
[Date "2016.10.04"]
[Round "8"]
[White "ilya261991"]
[Black "Carolina-moon"]
[Result "1-0"]
[WhiteElo "2475"]
[BlackElo "2163"]
[TimeControl "180+2"]
[EndTime "12:37:50 PDT"]
[Termination "ilya261991 won on time"]

1. d4 f5 2. Bg5 g6 3. h4 Bg7 4. h5 h6 5. Bc1 g5 6. Nc3 Nf6 7. g3 e6 8. Bg2 d5 9. Nf3 Nbd7 10. b3 c5 11. Bb2 cxd4 12. Nxd4 Nc5 13. Qd2 O-O 14. O-O-O Bd7 15. f3 b5 16. Ndxb5 Qb6 17. Na3 Rfc8 18. Rhe1 Nxh5 19. e4 dxe4 20. fxe4 Nxg3 21. Nc4 Qa6 22. exf5 Nxf5 23. Bxa8 Rxa8 24. Ne5 Be8 25. Kb1 Bh5 26. Rc1 Qb6 27. Ne4 Rd8 28. Qxd8+ Qxd8 29. Nxc5 Qd6 30. Ncd3 Nd4 31. Nc4 Qc6 32.
Nde5 1-0

[Event "*** Titled Tuesday 3|2 Blitz"]
[Site "Chess.com"]
[Date "2016.10.04"]
[Round "8"]
[White "jcibarra"]
[Black "platy3"]
[Result "0-1"]
[WhiteElo "2697"]
[BlackElo "2739"]
[TimeControl "180+2"]
[EndTime "12:37:59 PDT"]
[Termination "platy3 won by resignation"]

1. e4 c5 2. Nf3 e6 3. d4 cxd4 4. Nxd4 Nf6 5. Nc3 d6 6. g4 e5 7.
Bb5+ Bd7 8. Bxd7+ Qxd7 9. Nf5 h5 10. Bg5 Nh7 11. Bh4 g6 12. Nd5 gxf5 13. gxf5 Qa4 14. b4 Na6 15. Qxh5 Qxc2 16. Qf3 Nc7 17. Nxc7+ Qxc7 18.
O-O Be7 19. f6 Bd8 20. Kh1 Nf8 21.
Bg5 Ne6 22. Be3 Qd7 23. Rg1 Nd4 24. Bxd4 exd4 25. Rg5 Qe6 26. e5 dxe5 27. Qxb7 Qxf6 28.
Rag1 Rxh2+ 29. Kxh2 Qh6+ 30. Kg2 Qxg5+ 31. Kf1 Qc1+ 32. Kg2 Qc8 33. Qd5 Bf6 34. Kh2 Ke7 35. f4 Qc2+ 36. Rg2 Rh8+ 37. Kg1 Qc1+ 38. Kf2 Qe3+ 0-1

[Event "*** Titled Tuesday 3|2 Blitz"]
[Site "Chess.com"]
[Date "2016.10.04"]
[Round "8"]
[White "OparinGrigoriy"]
[Black "mwpchess"]
[Result "1-0"]
[WhiteElo "2596"]
[BlackElo "2466"]
[TimeControl "180+2"]
[EndTime "12:38:04 PDT"]
[Termination "OparinGrigoriy won on time"]

1. e4 c6 2. Nc3 d5 3. Nf3 Bg4 4.
h3 Bxf3 5. Qxf3 e6 6. g3 Nf6 7. Bg2 dxe4 8. Nxe4 Nxe4 9. Qxe4 Qd5 10. Qxd5 exd5 11.
O-O Na6 12. Re1+ Kd7 13. c3 Bd6 14. d4 Rae8 15. Bd2 Rxe1+ 16. Rxe1 Re8 17. Rd1 Nc7 18.
Bf1 f5 19. Bd3 g6 20. Kg2 Ne6 21. a4 a5 22. c4 dxc4 23. Bxc4 Nc7 24. Bxa5 Ra8 25.
Bxc7 Kxc7 26. b3 Re8 27. d5 c5 28. Kf3 Kb6 29. h4 f4 30. g4 Ka5 31. Rh1 Kb4 32.
h5 g5 33. h6 Re5 34. Bd3 Kxb3 35. Bxh7 Re8 36. Bg6 Rh8 37. h7 Kxa4 38. Ke4 b5 39. Kf5 c4 40. Ke6 Bb8 41. Rc1 Kb4 42. d6 Kc5 43. d7 Bc7 44. Rd1 b4 45. Rd5+ Kb6 46. Kf6 b3 47. Kg7 Rd8 48. Be8 Kc6 49. h8=Q Kxd5 50.
Kf7 Be5 51. Qh1+ Kc5 52. Ke6 Bc3 53. Qb7 Ba5 54. Ke7 Bb6 55. Bg6 b2 56. Qxb6+ Kxb6 57. Kxd8 c3 58. Kc8 b1=Q 59. d8=Q+ 1-0

[Event "*** Titled Tuesday 3|2 Blitz"]
[Site "Chess.com"]
[Date "2016.10.04"]
[Round "8"]
[White "Gergo85"]
[Black "johnathan113"]
[Result "1-0"]
[WhiteElo "2463"]
[BlackElo "2324"]
[TimeControl "180+2"]
[EndTime "12:38:04 PDT"]
[Termination "Gergo85 won by resignation"]

1. e4 g6 2. d4 Nf6 3. Nc3 d5 4.
exd5 Nxd5 5. Nxd5 Qxd5 6. Nf3 Bg7 7. c3 O-O 8. Be2 c5 9. dxc5 Qxd1+ 10. Bxd1 Na6 11.
Be3 Bf5 12. Be2 Rac8 13. Bxa6 bxa6 14. O-O-O e5 15. Rd6 Rc7 16. Rxa6 Bd3 17. Rd6 e4 18. Nd4 Rxc5 19. Ne6 Rxc3+ 20. bxc3 fxe6 21. Kd2 Rb8 22. Rxd3 exd3 23. Kxd3 Rb2 24. a4 Ra2 25. Rb1 Rxa4 26. Rb8+ Kf7 27. Rb7+ Kg8 28. Rxa7 Rxa7 29. Bxa7 Kf7 30.
Bd4 Bf8 31. Be5 Ke7 32. Kc4 Kd7 33. Kb5 Kc8 34. Kc6 Be7 35. c4 Bf8 36. f3 Be7 37.
Bd6 Bf6 38. h3 Bg5 39. Be5 Be7 40. c5 Bf8 41. Kb5 Be7 42. c6 Bd8 43. Kc5 Be7+ 44. Bd6 Bd8 45. Kd4 Bf6+ 46. Ke4 Bg7 47. Kf4 Bf6 48. Kg4 e5 49. Kg3 Bg7 50. Kf2 Bf6 51.
Ke3 Be7 52. Bxe7 1-0

[Event "*** Titled Tuesday 3|2 Blitz"]
[Site "Chess.com"]
[Date "2016.10.04"]
[Round "8"]
[White "pastouche06"]
[Black "Mastervlad8"]
[Result "1-0"]
[WhiteElo "2337"]
[BlackElo "2144"]
[TimeControl "180+2"]
[EndTime "12:38:09 PDT"]
[Termination "pastouche06 won on time"]

1. d4 Nf6 2. c4 g6 3. Nc3 Bg7 4. e4 d6 5. Be2 O-O 6. Nf3 Bg4 7. Be3 Nfd7 8. Ng1 Bxe2 9. Ngxe2 c5 10. d5 a6 11. a4 Ne5 12. b3 Ng4 13. Bf4 Qa5 14. Bd2 e6 15. O-O Qc7 16. Qc2 Nd7 17. h3 Ngf6 18.
Rae1 exd5 19. cxd5 Rab8 20. f4 b5 21. Ng3 b4 22. Nd1 Rfc8 23. Ne3 Nb6 24. Nc4 Nxc4 25. bxc4 b3 26. Qd3 b2 27. e5 Nd7 28. Ne4 dxe5 29.
f5 Qb6 30. f6 Bf8 31. a5 Qb3 32. Bc3 Qa2 33. Rb1 Rb3 34. Qe2 Qa3 35. Qc2 Rcb8 36.
Rf3 R8b7 37. h4 h5 38. Rg3 Bh6 39. Nd6 Rb8 40. Rxg6+ 1-0

[Event "*** Titled Tuesday 3|2 Blitz"]
[Site "Chess.com"]
[Date "2016.10.04"]
[Round "8"]
[White "ChessSkool"]
[Black "Iball95"]
[Result "1-0"]
[WhiteElo "2509"]
[BlackElo "2507"]
[TimeControl "180+2"]
[EndTime "12:38:10 PDT"]
[Termination "ChessSkool won on time"]

1. Nf3 Nf6 2. d4 e6 3. c4 d5 4.
g3 Be7 5. Bg2 O-O 6. O-O dxc4 7.
Qc2 b6 8. Bg5 Bb7 9. Qxc4 Nbd7 10. Nc3 a6 11. Rac1 c5 12. dxc5 Nxc5 13. Rfd1 Qe8 14. b4 b5 15. Qf4 Ncd7 16. Qc7 Bxf3 17. Bxf3 Rc8 18. Qa5 h6 19. Bf4 e5 20. Be3 Rc4 21.
a3 Qc8 22. Nd5 Bd8 23. Rxc4 bxc4 24. Nxf6+ Bxf6 25. Bg4 Rd8 26. Qa4 c3 27. Rxd7 Rf8 28.
Bc5 h5 29. Bh3 1-0

[Event "*** Titled Tuesday 3|2 Blitz"]
[Site "Chess.com"]
[Date "2016.10.04"]
[Round "8"]
[White "Lali-Rustavi"]
[Black "AndrewMcStone"]
[Result "1-0"]
[WhiteElo "1856"]
[BlackElo "2005"]
[TimeControl "180+2"]
[EndTime "12:38:12 PDT"]
[Termination "Lali-Rustavi won by checkmate"]

1. e4 d5 2. exd5 Nf6 3. Nc3 Nxd5 4. Qf3 Nxc3 5. Qxc3 Nc6 6. Nf3 e6 7. Bb5 Bd7 8. O-O Bd6 9. d3 Qe7 10. Qxg7 O-O-O 11. Bg5 f6 12. Qxe7 Bxe7 13. Be3 Rhg8 14. Kh1 Rg7 15. Rae1 Rdg8 16. Rg1 a6 17. Bc4 Na5 18.
Bb3 Nxb3 19. axb3 Bc6 20. Bf4 e5 21. Bg3 Bb4 22. Rd1 Rg4 23. Nh4 R4g5 24. f3 Bd6 25. d4 exd4 26. Bxd6 cxd6 27. Rxd4 Kc7 28. Rc4 Kd7 29. Rf4 Ke7 30. Nf5+ Kf8 31. Ng3 h5 32.
Re1 Kf7 33. Rd4 h4 34. Rxh4 f5 35. Rh7+ Kg6 36. Rhe7 f4 37. R1e6# 1-0

[Event "*** Titled Tuesday 3|2 Blitz"]
[Site "Chess.com"]
[Date "2016.10.04"]
[Round "8"]
[White "Mornar1951"]
[Black "nihalsarin"]
[Result "1-0"]
[WhiteElo "2592"]
[BlackElo "2488"]
[TimeControl "180+2"]
[EndTime "12:38:27 PDT"]
[Termination "Mornar1951 won by resignation"]

1. d4 e6 2. c4 Nf6 3. g3 d5 4.
Bg2 Be7 5. Nf3 O-O 6. O-O dxc4 7. Qc2 a6 8. a4 Bd7 9. Rd1 Bc6 10. Nc3 Nbd7 11. e4 b5 12. d5 exd5 13. e5 Ne4 14. Nxd5 Nec5 15. Nxe7+ Qxe7 16. Ng5 Nd3 17. Bxc6 Rae8 18.
axb5 axb5 19. Bxb5 h6 20. Bxd7 Qxd7 21. Qxc4 Rd8 22.
Nf3 Qf5 23. Bf4 Nxb2 24. Qe2 Nxd1 25. Rxd1 c5 26. Rc1 Rd5 27. h4 Rfd8 28. Kg2 Qe6 29. Qe4 f5 30. Qc4 Kh7 31. Ra1 Qc6 32. Ra6 Qb7 33. Rd6 R8xd6 34. exd6 Qc6 35. Qc2 c4 36. Kh2 Qe8 37. Qxc4 Qe4 38. Qxe4 fxe4 39. Nd2 g5 40. hxg5 hxg5 41. Nxe4 Kg6 42. Nxg5 1-0

[Event "*** Titled Tuesday 3|2 Blitz"]
[Site "Chess.com"]
[Date "2016.10.04"]
[Round "8"]
[White "stuffings101"]
[Black "Usurpov"]
[Result "1-0"]
[WhiteElo "2140"]
[BlackElo "2265"]
[TimeControl "180+2"]
[EndTime "12:38:32 PDT"]
[Termination "stuffings101 won by checkmate"]

1. e4 c5 2. Nf3 Nc6 3. g3 g6 4. Bg2 Bg7 5. c3 e5 6. O-O Nge7 7.
d3 b6 8. a3 O-O 9. b4 d6 10. b5 Na5 11. c4 a6 12. a4 Nb7 13.
Bb2 a5 14. Nc3 Ra7 15. Re1 f5 16. exf5 gxf5 17. Nh4 Ng6 18. Nxg6 hxg6 19. Nd5 Be6 20. f4 e4 21. Bxg7 Kxg7 22. dxe4 Bxd5 23. Qxd5 Qf6 24.
Qc6 Nd8 25. Qxb6 Re7 26. exf5 gxf5 27. Rxe7+ Qxe7 28. Rf1 Ne6 29. Qxa5 Nd4 30. Qc3 Kg6 31. Qd3 Re8 32. Kh1 Qc7 33. Bd5 Re2 34. g4 Qh7 35.
gxf5+ Kf6 36. Qg3 Nxf5 37. Qg5# 1-0

[Event "*** Titled Tuesday 3|2 Blitz"]
[Site "Chess.com"]
[Date "2016.10.04"]
[Round "8"]
[White "dabee"]
[Black "VMikhalevski"]
[Result "1-0"]
[WhiteElo "2480"]
[BlackElo "2461"]
[TimeControl "180+2"]
[EndTime "12:38:39 PDT"]
[Termination "dabee won by resignation"]

1. d4 Nf6 2. Bg5 Ne4 3. Bf4 c5 4. f3 Qa5+ 5. c3 Nf6 6. Nd2 cxd4 7. Nb3 Qd8 8. cxd4 d5 9. e3 Nc6 10. Ne2 Nh5 11. Bg3 Nxg3 12. hxg3 e5 13. dxe5 Nxe5 14. Nf4 Be6 15. Nxe6 fxe6 16. f4 Nc4 17.
Bxc4 dxc4 18. Qh5+ g6 19. Qb5+ Qd7 20. Qxc4 Rc8 21. Qd4 Bg7 22. Qxd7+ Kxd7 23. Rd1+ Ke7 24. Rd2 h5 25. Ke2 Rhd8 26. Rhd1 Rxd2+ 27. Rxd2 Rc4 28.
Kf3 Rb4 29. g4 hxg4+ 30. Kxg4 b6 31. Kg5 a5 32. Kxg6 Bh8 33. Kh7 Bf6 34. g4 a4 35. Nd4 Bxd4 36. exd4 Rc4 37. g5 Rc1 38. g6 Kf6 39. Rg2 Rh1+ 40. Kg8 Rh4 41. g7 Ke7 42. d5 exd5 43. Re2+ Kd6 44. f5 Rh6 45. Kf7 1-0

[Event "*** Titled Tuesday 3|2 Blitz"]
[Site "Chess.com"]
[Date "2016.10.04"]
[Round "8"]
[White "GMHess"]
[Black "GMOratovsky"]
[Result "1-0"]
[WhiteElo "2585"]
[BlackElo "2419"]
[TimeControl "180+2"]
[EndTime "12:38:43 PDT"]
[Termination "GMHess won by checkmate"]

1. c4 e5 2. Nc3 Bb4 3. Nf3 Bxc3 4.
dxc3 d6 5. g3 Nc6 6. Bg2 f6 7.
O-O Be6 8. b3 Qd7 9. Re1 Nge7 10.
Ba3 h5 11. h4 O-O-O 12. b4 Bxc4 13. Nd2 Be6 14. b5 Nb8 15. Qa4 Bd5 16. e4 Be6 17.
Reb1 g5 18. Nf3 Ng6 19. hxg5 h4 20. gxf6 Bh3 21. Qxa7 hxg3 22. fxg3 Qg4 23. Qf2 Bxg2 24. Qxg2 Qxe4 25. Bc1 Qf5 26. Bg5 Nf8 27. a4 Ne6 28. Bh4 Rdg8 29. Rf1 Nf4 30. Nd4 Nh3+ 31. Kh2 Qd3 32.
Qxh3+ Nd7 33. f7 Rf8 34. Ne6 Qe2+ 35. Qg2 Qg4 36. Nxf8 Rxf8 37. a5 Kb8 38. a6 e4 39.
Rf4 Qg6 40. Qxe4 Qxe4 41. Rxe4 Rxf7 42. a7+ Ka8 43. Re8+ Nb8 44. axb8=Q# 1-0

[Event "*** Titled Tuesday 3|2 Blitz"]
[Site "Chess.com"]
[Date "2016.10.04"]
[Round "8"]
[White "Frolyanov_D"]
[Black "bugsbunny444"]
[Result "1-0"]
[WhiteElo "2416"]
[BlackElo "2328"]
[TimeControl "180+2"]
[EndTime "12:38:45 PDT"]
[Termination "Frolyanov_D won by resignation"]

1. e4 e6 2. d4 d5 3. Nc3 Nf6 4. e5 Nfd7 5. f4 c5 6. Nf3 Nc6 7. Be3 cxd4 8. Nxd4 Bc5 9. Qd2 O-O 10. O-O-O a6 11.
h4 Nxd4 12. Bxd4 b5 13. h5 b4 14. Ne2 a5 15. g4 Qc7 16. g5 a4 17. Kb1 Ba6 18.
g6 Bxe2 19. Bxe2 Bxd4 20. Qxd4 b3 21. cxb3 axb3 22. gxh7+ Kh8 23. Rc1 Qb6 24. Qxb6 bxa2+ 25. Ka1 Nxb6 26. Rc6 Rfb8 27. Bd3 Na4 28. Rc2 Rb3 29. Rd1 Rab8 30. Rdd2 R3b4 31. Kxa2 Rxf4 32. b3 Nb6 33. Rc6 Nd7 34. Rdc2 f5 35. exf6 Rxf6 36. Rc8+ Rxc8 37.
Rxc8+ Rf8 38. Rxf8+ Nxf8 39. b4 e5 40. Bf5 e4 41.
Kb3 e3 42. Kc2 d4 43. Kd3 g5 44. hxg6 Kg7 45. b5 1-0

[Event "*** Titled Tuesday 3|2 Blitz"]
[Site "Chess.com"]
[Date "2016.10.04"]
[Round "8"]
[White "Semetey"]
[Black "ulises2013"]
[Result "0-1"]
[WhiteElo "2399"]
[BlackElo "2330"]
[TimeControl "180+2"]
[EndTime "12:38:50 PDT"]
[Termination "ulises2013 won by checkmate"]

1. d4 Nf6 2. Nc3 d5 3. Bf4 c6 4.
e3 Bf5 5. f3 e6 6. g4 Bg6 7. h4 h5 8. g5 Ng8 9. Bd3 Ne7 10.
Nge2 Bxd3 11. Qxd3 Ng6 12. Be5 Nxe5 13. dxe5 Nd7 14.
f4 g6 15. e4 Nc5 16. Qe3 Nxe4 17. Nxe4 dxe4 18. Qxe4 Qa5+ 19. Nc3 O-O-O 20. Rh3 Qb6 21. Qe3 Bc5 22. Qe2 Bb4 23. Qf2 Qxf2+ 24. Kxf2 Rd2+ 25. Kf1 Rxc2 26. Ne4 Rd8 27. a3 Be7 28. b4 Rd4 29. Re1 Ra2 30. Rf3 Kc7 31. Ng3 Rh2 32. Ne2 Rd2 33. Ng3 Rxh4 34. Re2 Rxe2 35. Kxe2 Rh2+ 36.
Kd3 Ra2 37. Kc4 b5+ 38. Kb3 Rd2 39. Ne4 Rd4 40. Nf6 Bxf6 41. gxf6 Kb6 42. Kc3 c5 43. bxc5+ Kxc5 44. Kb3 Kd5 45. Rc3 Rxf4 46. Rc7 a5 47. Rxf7 Kxe5 48. Rb7 Kxf6 49. Rxb5 a4+ 50. Kb2 h4 51. Rb8 e5 52. Rh8 Kg5 53. Re8 e4 54. Kc3 h3 55. Kd4 h2 56. Rh8 Rh4 57. Rxh4 Kxh4 58. Kxe4 h1=Q+ 59. Kf4 Qa1 60. Ke4 Qxa3 61. Kf4 Qf8+ 62. Ke4 g5 63. Kd4 g4 64. Kd3 g3 65.
Ke4 g2 66. Kd3 g1=Q 67. Ke4 Qe1+ 68. Kd3 Qd6+ 69. Kc2 Qc5+ 70. Kb2 Qec1+ 71. Ka2 Q5a3# 0-1

[Event "*** Titled Tuesday 3|2 Blitz"]
[Site "Chess.com"]
[Date "2016.10.04"]
[Round "8"]
[White "Scott-fox21"]
[Black "Hieronymus00"]
[Result "1-0"]
[WhiteElo "2160"]
[BlackElo "2173"]
[TimeControl "180+2"]
[EndTime "12:38:51 PDT"]
[Termination "Scott-fox21 won by resignation"]

1. d4 Nf6 2. c4 g6 3. Nc3 Bg7 4. e4 d6 5. h3 O-O 6. Bg5 Nbd7 7. Nf3 e5 8. d5 h6 9. Be3 Nh5 10. g4 Nf4 11. Qd2 Qf6 12. O-O-O a6 13. h4 Qe7 14. Bxf4 exf4 15. Qxf4 Nc5 16. Bd3 b5 17. Bc2 bxc4 18. Nd4 Bd7 19. h5 Rab8 20. hxg6 fxg6 21. Qe3 Bxg4 22. Nc6 Qf7 23. Rdg1 Bf3 24. Rxh6 Bxh6 25. Qxh6 Qf4+ 26. Qxf4 Rxf4 27. Nxb8 Nxe4 28. Nxe4 Bxe4 29. Bxe4 Rxe4 30. Rxg6+ Kf7 31. Rg3 Rd4 32. Rf3+ Kg6 33. Nc6 Re4 34. Kc2 Kg5 35. Kc3 Kg4 36.
Re3 Rf4 37. f3+ Kg3 38. Nd4 Rf7 39. f4+ Kg4 40. Rf3 Rf8 41. f5 Rb8 42. f6 Kg5 43. f7 c5 44. dxc6 d5 45. f8=Q 1-0

[Event "*** Titled Tuesday 3|2 Blitz"]
[Site "Chess.com"]
[Date "2016.10.04"]
[Round "8"]
[White "GeorgMeier"]
[Black "VSERGUEI"]
[Result "0-1"]
[WhiteElo "2699"]
[BlackElo "2580"]
[TimeControl "180+2"]
[EndTime "12:39:00 PDT"]
[Termination "VSERGUEI won on time"]

1. Nf3 d5 2. g3 c6 3. Bg2 Nf6 4.
O-O Bf5 5. c4 e6 6. cxd5 cxd5 7.
Qb3 Qb6 8. Qxb6 axb6 9. Nc3 Nc6 10. d3 Be7 11. Nh4 Bg6 12. Nxg6 hxg6 13. Rd1 Nd7 14. Bd2 O-O 15. Be1 Rfc8 16. d4 f5 17. f3 Nf6 18.
Rac1 Kf7 19. h3 g5 20. Bf2 g6 21. e3 Na5 22. Rc2 Nc4 23. Rdc1 Rc6 24. Bf1 Bb4 25. a3 Bxc3 26. Rxc3 Rac8 27. R1c2 Nd6 28. Rxc6 Rxc6 29. Rxc6 bxc6 30. a4 Nc4 31. b3 Nd2 32. b4 Nxf3+ 33. Kg2 Nd2 34. Ba6 Nc4 35. Bb7 Ke7 36. Bxc6 Kd6 37.
Bb5 Kc7 38. Kf1 Nd6 0-1

[Event "*** Titled Tuesday 3|2 Blitz"]
[Site "Chess.com"]
[Date "2016.10.04"]
[Round "8"]
[White "daro94"]
[Black "LyonBeast"]
[Result "1/2-1/2"]
[WhiteElo "2651"]
[BlackElo "2731"]
[TimeControl "180+2"]
[EndTime "12:39:02 PDT"]
[Termination "Game drawn by agreement"]

1. d4 Nf6 2. c4 g6 3. Nf3 Bg7 4. g3 c5 5. Bg2 cxd4 6. Nxd4 O-O 7.
Nc3 Qc7 8. Qd3 Nc6 9. Nxc6 dxc6 10. O-O Rd8 11. Qc2 Qe5 12. Bf4 Qh5 13. Rad1 Re8 14. b3 e5 15. Bc1 Bf5 16. e4 Be6 17. f3 Bf8 18. Qf2 g5 19. Na4 b6 20. Be3 Qg6 21.
Nb2 Rad8 22. g4 h5 23. h3 c5 24. Rxd8 Rxd8 25. Rd1 Rxd1+ 26. Nxd1 Nd7 27. Qd2 f6 28.
Nc3 Qf7 29. Nb5 Nb8 30. Qd8 Nc6 31. Qc7 Qxc7 32. Nxc7 Bf7 33. Nd5 Kg7 34. Bf1 h4 35. Kf2 Be6 36. Ke1 Kf7 37. Bd3 Bd6 38. Kd2 Nd4 39. Be2 Bd7 40. Bd1 Bf8 41. Nc3 Be7 42. Nd5 Bd8 43. Nc3 Ke6 44. Nd5 Kd6 45.
a4 a6 46. Kd3 b5 47. axb5 axb5 48. Nc3 b4 49. Nd5 Ne6 50. Ke2 Nf4+ 51. Bxf4 exf4 52. Kd3 Ke6 53. Be2 Be7 54. Bd1 Bd6 55. Be2 Be5 56. Bf1 Bd4 57. Be2 Ke5 58. Bf1 Bc6 1/2-1/2

[Event "*** Titled Tuesday 3|2 Blitz"]
[Site "Chess.com"]
[Date "2016.10.04"]
[Round "8"]
[White "Schemato"]
[Black "LornerAcosta"]
[Result "1-0"]
[WhiteElo "2320"]
[BlackElo "2316"]
[TimeControl "180+2"]
[EndTime "12:39:10 PDT"]
[Termination "Schemato won by checkmate"]

1. c4 e6 2. Nc3 d5 3. d4 Nf6 4. cxd5 exd5 5. Bg5 Be7 6. e3 c6 7.
Bd3 Nbd7 8. Qc2 O-O 9. Nge2 Re8 10. O-O Nf8 11. f3 Be6 12. Rad1 Ng6 13. Kh1 Rc8 14. e4 dxe4 15. fxe4 Ng4 16. Bc1 Bg5 17. h3 Ne3 18. Bxe3 Bxe3 19. Qa4 Qh4 20. Rf3 Bg5 21. Bb1 Bg4 22. Rg3 h5 23. Kg1 Bd7 24. Rdd3 b5 25. Qxa7 Rcd8 26. Qc7 Nf4 27. Rdf3 b4 28.
Nxf4 bxc3 29. bxc3 Bg4 30. hxg4 hxg4 31. Re3 Rc8 32.
Qd6 Rcd8 33. Qc7 Qh6 34. Rxg4 Rc8 35. Qa5 Bxf4 36. Rf3 Be3+ 37. Kf1 Qh1+ 38. Ke2 Qc1 39. Rxe3 Qxb1 40. Qg5 g6 41. Rh3 Rxe4+ 42. Rxe4 Qxe4+ 43. Re3 Qc2+ 44. Kf3 Qxa2 45. Qc5 Qb1 46. c4 Qf1+ 47.
Kg3 f5 48. Rf3 Qe1+ 49. Kh2 Rc7 50. Rh3 Qe3 51. Qd6 Rg7 52. Rxe3 Rf7 53. Re8+ Kg7 54. Qe5+ Kh6 55. Rh8+ Kg5 56. Kg3 Re7 57. Qxe7# 1-0

[Event "*** Titled Tuesday 3|2 Blitz"]
[Site "Chess.com"]
[Date "2016.10.04"]
[Round "8"]
[White "LonesomeGeorge1"]
[Black "Lupul_Cenusiu"]
[Result "0-1"]
[WhiteElo "2168"]
[BlackElo "2377"]
[TimeControl "180+2"]
[EndTime "12:39:13 PDT"]
[Termination "Lupul_Cenusiu won by checkmate"]

1. Nf3 Nf6 2. Rg1 g6 3. g4 h6 4. d4 d6 5. h3 Bg7 6. Bf4 b6 7. Nc3 c5 8. d5 h5 9. g5 Nfd7 10. Qd2 Na6 11. e4 Nc7 12. h4 O-O 13. Bh3 b5 14. Qe3 Nb6 15. Bxc8 Qxc8 16. Nd2 b4 17.
Nd1 Nb5 18. Rb1 a5 19. c3 a4 20. Qd3 Qa6 21. c4 Nd4 22. Ne3 b3 23. a3 Nd7 24.
Kf1 e5 25. Bg3 f6 26. gxf6 Rxf6 27. Kg2 Raf8 28. Rgf1 Bh6 29. Rbe1 Qc8 30. Nb1 Nb6 31. Nc3 Rf3 32. Nb5 Qd7 33. Qd1 Nc8 34. Qd2 R8f7 35.
Nxd4 cxd4 36. Qe2 dxe3 37. fxe3 Rxf1 38. Rxf1 Rxf1 39. Qxf1 Kg7 40. Qd3 Qc7 41. Qc3 Qc5 42. Bxe5+ dxe5 43. Qxe5+ Kh7 44. Qe8 Nd6 45. Qd7+ Bg7 46.
e5 Nf5 47. e6 Qxe3 48. e7 Qe2+ 49. Kg1 Nxh4 50. Qh3 Bd4+ 51. Kh1 Qe1+ 52. Kh2 Qg1# 0-1

[Event "*** Titled Tuesday 3|2 Blitz"]
[Site "Chess.com"]
[Date "2016.10.04"]
[Round "8"]
[White "MateusViageiro"]
[Black "CheckThis4"]
[Result "0-1"]
[WhiteElo "2298"]
[BlackElo "2338"]
[TimeControl "180+2"]
[EndTime "12:39:32 PDT"]
[Termination "CheckThis4 won by resignation"]

1. Nf3 e6 2. d4 f5 3. g3 Nf6 4.
Bg2 Be7 5. O-O O-O 6. c4 d6 7.
Nc3 Ne4 8. Qc2 Nxc3 9. Qxc3 a5 10. b3 Nc6 11. Bb2 Bf6 12. Qd2 e5 13. dxe5 dxe5 14.
Rfd1 Qe8 15. Ba3 e4 16. Bxf8 exf3 17. Rac1 fxg2 18. Bc5 Be6 19. Kxg2 Bf7 20. Qf4 Qxe2 21. Qxc7 Ne5 22. Qxb7 Re8 23. Re1 Qxa2 24. Bd4 Nd3 25. Rxe8+ Bxe8 26. Qd5+ Kf8 27. Qd6+ Kf7 28. Ra1 Qe2 29.
Qd5+ Kg6 30. Rxa5 Ne1+ 31. Kg1 Nf3+ 32. Kg2 Nxd4 33. Ra6 Bf7 34. Qxd4 Qc2 35. Qe3 h6 36. h4 Kh7 37. Qf3 Bg6 38. h5 Be8 39. Re6 Bd7 40. Re2 Qd1 41. Re3 Qd6 42. Rd3 Qe6 43. Kh2 Bc6 44.
Qf4 Be4 45. Re3 Bg5 46. Rxe4 fxe4 47. Qc7 Qf5 48. Qc5 Qxc5 0-1

[Event "*** Titled Tuesday 3|2 Blitz"]
[Site "Chess.com"]
[Date "2016.10.04"]
[Round "8"]
[White "andretta"]
[Black "Tash_Boy"]
[Result "0-1"]
[WhiteElo "2249"]
[BlackElo "2447"]
[TimeControl "180+2"]
[EndTime "12:39:35 PDT"]
[Termination "Tash_Boy won on time"]

1. b3 Nf6 2. Bb2 g6 3. Bxf6 exf6 4. c4 Bg7 5. Nc3 f5 6. Rc1 O-O 7. g3 c6 8. Bg2 d6 9. e3 Nd7 10. Nge2 Ne5 11. d4 Ng4 12. O-O h5 13. h3 Nf6 14.
h4 Ng4 15. b4 Bd7 16. a4 Qe7 17. a5 a6 18. Na4 Rae8 19. Nb6 Be6 20. Nf4 Bc8 21.
b5 Qc7 22. Qb3 Nf6 23. bxa6 bxa6 24. c5 d5 25. Rb1 Ne4 26. Rb2 Rd8 27. Rfb1 Bh6 28.
Nd3 Be6 29. Ne5 g5 30. hxg5 Bxg5 31. Qa4 Nc3 32. Qxc6 Qa7 33. Rc1 Ne4 34. Bxe4 fxe4 35. Qa4 h4 36. Nc6 Qc7 37. Nxd8 Rxd8 38. Kg2 Bg4 39. Rc3 Bf3+ 40. Kg1 hxg3 41. Nxd5 Rxd5 42. Qe8+ Kg7 43. Rb8 gxf2+ 44. Kf1 Bg2+ 45. Ke2 f1=Q+ 0-1

[Event "*** Titled Tuesday 3|2 Blitz"]
[Site "Chess.com"]
[Date "2016.10.04"]
[Round "8"]
[White "ChessWarrior7197"]
[Black "oskariot"]
[Result "1-0"]
[WhiteElo "2484"]
[BlackElo "2364"]
[TimeControl "180+2"]
[EndTime "12:39:37 PDT"]
[Termination "ChessWarrior7197 won by resignation"]

1. e4 c5 2. Nf3 d6 3. d4 cxd4 4.
Nxd4 Nf6 5. Nc3 Nc6 6. f3 e5 7.
Nb3 Be7 8. Be3 O-O 9. Qd2 Be6 10.
Nd5 Bxd5 11. exd5 Nb8 12. Be2 Nbd7 13. c4 e4 14. f4 a5 15. O-O a4 16. Nd4 Nc5 17. Nf5 Nfd7 18. Nxe7+ Qxe7 19. Qc2 Qf6 20. g3 Rfc8 21. Rfd1 b5 22. Bd4 Qg6 23. b3 b4 24.
Rdb1 h5 25. Bd1 h4 26. Qg2 axb3 27. axb3 Nd3 28. Bc2 N7c5 29. Bxd3 Nxd3 30. Rf1 f5 31. gxh4 Qxg2+ 32. Kxg2 Rxa1 33. Rxa1 Nxf4+ 34. Kf1 Nh5 35. Ra6 f4 36. Rxd6 Ra8 37. Rg6 Ra2 38. Rg5 g6 39.
Rxg6+ Kf7 40. Rg5 Rd2 41. Rxh5 Rxd4 42. Rf5+ Kg6 43. Rxf4 Rd3 44. Rxe4 Rxb3 45. Rd4 Rc3 46. d6 b3 47. d7 b2 48. Rd1 Rd3 49. Rb1 Rxd7 50. Rxb2 Rd1+ 51. Ke2 Rc1 52. Kd3 Kf5 53. Rc2 Rd1+ 54. Kc3 Ke4 55. Re2+ Kf3 56. Rd2 Rc1+ 57. Rc2 Ra1 58. c5 Kg4 59. c6 Kxh4 60. c7 Ra8 61.
Kd4 Kg5 62. c8=Q Rxc8 63. Rxc8 1-0